[Event "*** Titled Tuesday Blitz"]
[Site "Chess.com"]
[Date "2020.04.28"]
[Round "9"]
[White "martinique24"]
[Black "IMUffeVinther-Schou"]
[Result "0-1"]
[WhiteElo "2406"]
[BlackElo "2278"]
[TimeControl "180+1"]
[EndTime "11:46:28 PDT"]
[Termination "IMUffeVinther-Schou won on time"]

1. e4 c5 2. Nf3 e6 3. d4 cxd4 4. Nxd4 a6 5. Nc3 b5 6. Bd3 Qb6 7. Be3 Bc5 8. Nce2 Bb7 9. c3 Nf6 10. b4 Bxd4 11. Bxd4 Qc7 12. Bxf6 gxf6 13. O-O Nc6 14.
a4 bxa4 15. Rxa4 O-O 16. f4 Kh8 17. Nd4 Rg8 18. Qh5 Rg7 19. Ra2 Nxd4 20. cxd4 Qc3 21. Bb1 Qxd4+ 22. Kh1 Bxe4 23. Bxe4 Qxe4 24. f5 Rag8 25. Rg1 Qd5 26. Rf2 e5 27. Qh3 Qd4 28. Rff1 d5 29. Rd1 Qc4 30. Ra1 d4 31. Ra5 d3 32.
Rc5 Qd4 33. Rcc1 d2 34. Rcd1 e4 35. Qh5 e3 36. Qe2 Qe4 37. b5 axb5 38. Rb1 Rxg2 39.
Rxg2 Qxb1+ 0-1

[Event "*** Titled Tuesday Blitz"]
[Site "Chess.com"]
[Date "2020.04.28"]
[Round "9"]
[White "Boudicca64"]
[Black "top_bu_tz"]
[Result "1-0"]
[WhiteElo "1921"]
[BlackElo "2071"]
[TimeControl "180+1"]
[EndTime "11:46:28 PDT"]
[Termination "Boudicca64 won on time"]

1. d4 Nf6 2. c4 g6 3. Nc3 d5 4. Bf4 Bg7 5. e3 c5 6. dxc5 Qa5 7. cxd5 Nxd5 8. Qa4+ Qxa4 9. Nxa4 Bd7 10. Bxb8 Rxb8 11. Bc4 Nb4 12. Bb3 Nd3+ 13. Kd2 Nxf2 14. Nf3 Nxh1 15. Rxh1 O-O 16. Nc3 Bc6 17. e4 Rfd8+ 18.
Ke3 Bh6+ 19. Ke2 e6 20. Bc2 Bf8 21. b4 Bg7 22. Nd1 Bb5+ 23. Ke3 Bh6+ 24. Kf2 b6 25. a4 Bc4 26. Nb2 b5 27. Nxc4 bxc4 28. b5 a6 29. Rb1 Bf8 30. c6 Rdc8 31. Ne5 Bc5+ 32. Ke2 axb5 33. axb5 Rc7 34. Nd7 Ba7 35. Nxb8 Bxb8 36. Ba4 Rc8 37. b6 Be5 38. c7 1-0

[Event "*** Titled Tuesday Blitz"]
[Site "Chess.com"]
[Date "2020.04.28"]
[Round "9"]
[White "donotreadit"]
[Black "Sanan_Sjugirov"]
[Result "1-0"]
[WhiteElo "2712"]
[BlackElo "2842"]
[TimeControl "180+1"]
[EndTime "11:46:29 PDT"]
[Termination "donotreadit won on time"]

1. Nf3 d5 2. b3 Bg4 3. Bb2 Bxf3 4.
exf3 e6 5. g3 Nd7 6. f4 Ngf6 7.
Bg2 g6 8. O-O Bg7 9. c4 O-O 10.
d3 c6 11. Nd2 Ne8 12. d4 Nd6 13. Rc1 Nf5 14. Nf3 dxc4 15. bxc4 c5 16. Ne5 Qc7 17. d5 Nxe5 18. fxe5 Bxe5 19. Bxe5 Qxe5 20. dxe6 Qxe6 21. Bxb7 Rab8 22. Bd5 Qf6 23. Rb1 Nd4 24. Qd3 Kg7 25. h4 Rfe8 26. Rxb8 Rxb8 27. Rb1 Rb6 28.
Kg2 h6 29. Qe4 Qd6 30. Qe8 Qf6 31. Rxb6 axb6 32. Qd7 g5 33. h5 Nf5 34. Qc7 Ne7 35.
a4 Nf5 36. a5 bxa5 37. Qxc5 a4 38. Qa7 g4 39. Qxa4 Qb2 40. Qa7 Qf6 41. Qd7 Kf8 42.
c5 Ne7 43. c6 1-0

[Event "*** Titled Tuesday Blitz"]
[Site "Chess.com"]
[Date "2020.04.28"]
[Round "9"]
[White "jacky72"]
[Black "bazar-wokzal"]
[Result "1-0"]
[WhiteElo "2700"]
[BlackElo "2520"]
[TimeControl "180+1"]
[EndTime "11:46:29 PDT"]
[Termination "jacky72 won on time"]

1. d4 Nf6 2. c4 Nc6 3. Nf3 e6 4. a3 d5 5. Nc3 dxc4 6. e3 Na5 7. Ne5 c5 8. Nxc4 Bd7 9. d5 exd5 10. Nxd5 Nxd5 11.
Qxd5 Nb3 12. Ne5 Be6 13. Bb5+ Ke7 14. Qxb7+ Kf6 15. Qf3+ Bf5 16. Nd7+ Kg6 17. g4 Bxd7 18. Bd3+ f5 19. Bxf5+ Kf6 20. Bxd7+ Ke7 21. Qe4+ Kxd7 22. Qd5+ Bd6 23. Qxb3 Rb8 24. Qa4+ Ke6 25. O-O Qh4 26. Qe4+ Kf7 27. Qf5+ Ke7 28. f4 Rhf8 29. Qe4+ Kd7 30.
b4 Qxg4+ 31. Kh1 Qe2 32. Rg1 g6 33. bxc5 Bxc5 34. Qd5+ Bd6 35. Rd1 Rb6 36. Bd2 Rf5 37. Qg2 Qc4 38. Bb4 Ke6 39. Rd4 Qb3 40. Qe4+ Kd7 41. Rad1 Rf6 42. Qe5 1-0

[Event "*** Titled Tuesday Blitz"]
[Site "Chess.com"]
[Date "2020.04.28"]
[Round "9"]
[White "zmeeed67"]
[Black "Ranindu2003"]
[Result "1-0"]
[WhiteElo "2399"]
[BlackElo "2514"]
[TimeControl "180+1"]
[EndTime "11:46:29 PDT"]
[Termination "zmeeed67 won by resignation"]

1. d4 Nf6 2. c4 e6 3. Nc3 d5 4. cxd5 exd5 5. Bg5 Be7 6. e3 c6 7.
Bd3 Nbd7 8. Nge2 O-O 9. O-O h6 10. Bh4 Ne4 11. Bxe7 Qxe7 12. Bxe4 dxe4 13. Qc2 Nf6 14.
Ng3 Re8 15. Rab1 a5 16. a3 Kh8 17. b4 axb4 18. axb4 Be6 19. Ncxe4 Ra2 20. Qd3 Nxe4 21. Qxe4 Qf6 22. h3 Rea8 23. Qe5 Qg6 24. Rfc1 Bd5 25.
e4 Be6 26. b5 Rd2 27. bxc6 bxc6 28. Rxc6 Raa2 29. Rf1 f6 30. Qxe6 Qg5 31. Rc8+ Kh7 32.
Qf5+ Qxf5 33. Nxf5 g6 34. Rc7+ Kg8 35. Rb1 Ra8 36.
Nxh6+ Kf8 37. Rf7+ Ke8 38. Rh7 Rd8 39. Rbb7 1-0

[Event "*** Titled Tuesday Blitz"]
[Site "Chess.com"]
[Date "2020.04.28"]
[Round "9"]
[White "Dr_Thomas_Quilter"]
[Black "harkerchess"]
[Result "1-0"]
[WhiteElo "2221"]
[BlackElo "2020"]
[TimeControl "180+1"]
[EndTime "11:46:29 PDT"]
[Termination "Dr_Thomas_Quilter won by checkmate"]

1. e4 e5 2. Nf3 Nc6 3. Bc4 Bc5 4.
c3 Nf6 5. d3 h6 6. b4 Bb6 7. a4 a6 8. O-O d6 9. Nbd2 O-O 10. Bb3 Be6 11. Bc2 Qd7 12. h3 Bxh3 13. gxh3 Qxh3 14. Nh2 Qg3+ 15. Kh1 Bxf2 16. Qf3 Qxf3+ 17.
Ndxf3 Ba7 18. Nh4 Nh5 19. Rf3 Kh7 20. Be3 Bxe3 21. Rxe3 Nf4 22. Rf1 Ne7 23. d4 g5 24.
Nf5 Nxf5 25. exf5 f6 26. Nf3 Nd5 27. Ree1 Nf4 28. Rd1 Nd5 29. dxe5 Ne3 30. e6 Nxc2 31. Rd3 Na3 32. Nd2 b5 33. Ra1 Nc4 34. Nxc4 bxc4 35. Rd4 Rac8 36. Rxc4 Rfe8 37. Rc6 Kg7 38. Rxa6 Re7 39.
Rc6 Kf8 40. a5 Ke8 41. a6 Kd8 42. c4 Ra8 43. b5 Kc8 44. b6 Rb8 45. b7+ Kd8 46.
a7 Rxb7 47. a8=Q+ Rb8 48. Qxb8# 1-0

[Event "*** Titled Tuesday Blitz"]
[Site "Chess.com"]
[Date "2020.04.28"]
[Round "9"]
[White "Grandelicious"]
[Black "GM_LOADING"]
[Result "1-0"]
[WhiteElo "2768"]
[BlackElo "2610"]
[TimeControl "180+1"]
[EndTime "11:46:31 PDT"]
[Termination "Grandelicious won by resignation"]

1. e4 e5 2. Nf3 Nc6 3. Nc3 Nf6 4. Bb5 Bb4 5. O-O O-O 6. d4 Nxd4 7. Nxd4 exd4 8.
Qxd4 Bxc3 9. bxc3 d6 10. Re1 Bd7 11. Bf1 h6 12. c4 Bc6 13. Bb2 Re8 14. Bd3 Qe7 15. f4 Qf8 16. Re3 Re6 17. Rae1 Rae8 18. h3 Nd7 19. e5 dxe5 20. fxe5 Qc5 21. Bf5 Qxd4 22. Bxd4 R6e7 23. e6 fxe6 24. Bxe6+ Kh8 25. c3 Nb6 26. c5 Nd5 27. Bxd5 Rxe3 28. Rxe3 Rxe3 29.
Bxc6 Re1+ 30. Kf2 Ra1 31. Bxb7 Rxa2+ 32. Ke3 a5 33. Kd3 a4 34. Bd5 Ra1 35. Kc2 a3 36. Kb3 Kh7 37. c6 Kg6 38. c4 Rd1 39. Be5 Rd3+ 40.
Ka2 Kf5 41. Bxc7 g5 42. Bd6 1-0

[Event "*** Titled Tuesday Blitz"]
[Site "Chess.com"]
[Date "2020.04.28"]
[Round "9"]
[White "Casablanca"]
[Black "Chess_Boxer123"]
[Result "1-0"]
[WhiteElo "2417"]
[BlackElo "2544"]
[TimeControl "180+1"]
[EndTime "11:46:31 PDT"]
[Termination "Casablanca won on time"]

1. d4 d5 2. c4 c6 3. Nc3 Nf6 4. Nf3 e6 5. Bg5 Nbd7 6. e3 Qa5 7. Nd2 Bb4 8. Qc2 O-O 9. Be2 dxc4 10. Bxf6 Nxf6 11.
Nxc4 Qg5 12. O-O c5 13. a3 cxd4 14. axb4 dxc3 15. bxc3 Bd7 16. Rfd1 Bc6 17. Bf1 Ng4 18. h3 Nh6 19. Na5 Bf3 20. Rd7 Nf5 21. Kh1 Bc6 22. Nxc6 bxc6 23. Raxa7 Rxa7 24. Rxa7 Rd8 25. Qa4 h5 26. Ra8 h4 27. Qxc6 g6 28. b5 Kg7 29.
Rxd8 Qxd8 30. b6 Qd2 31. Kg1 Ng3 32. fxg3 Qxe3+ 33. Kh1 hxg3 34. b7 Qa7 35. Qc7 Qf2 36. Qe5+ f6 37. Qb5 1-0

[Event "*** Titled Tuesday Blitz"]
[Site "Chess.com"]
[Date "2020.04.28"]
[Round "9"]
[White "talaicito"]
[Black "Juanovic"]
[Result "1-0"]
[WhiteElo "2276"]
[BlackElo "2154"]
[TimeControl "180+1"]
[EndTime "11:46:32 PDT"]
[Termination "talaicito won by resignation"]

1. d4 d5 2. Nc3 Nf6 3. Bf4 c6 4. e3 Bf5 5. f3 h6 6. g4 Bh7 7. h4 Nbd7 8. Bd3 Bxd3 9. Qxd3 Qb6 10. O-O-O O-O-O 11. Nge2 e6 12. e4 dxe4 13. Nxe4 Nxe4 14. fxe4 Be7 15. h5 e5 16. Be3 Bg5 17. Bxg5 hxg5 18. Qc4 exd4 19. Qxf7 Ne5 20. Qe6+ Nd7 21. Rxd4 Rhe8 22.
Qf5 Qc5 23. Rhd1 Qxf5 24. gxf5 Nf6 25. Rxd8+ Rxd8 26. Rxd8+ Kxd8 27. Ng3 Ng4 28. Kd2 Ke7 29. Kd3 Kd6 30. Kd4 c5+ 31. Kc4 b6 32. Kb5 Ke5 33. Ka6 Kf4 34. Kxa7 Kxg3 35. Kxb6 c4 36. a4 Ne5 37. a5 Kf4 38. f6 gxf6 39. h6 Nf7 40. h7 g4 41. a6 g3 42. a7 g2 43. a8=Q g1=Q+ 44. Kb5 Qg5+ 45. Kb4 Nd6 46. h8=Q Qb5+ 47. Ka3 Qc5+ 48. Ka2 1-0

[Event "*** Titled Tuesday Blitz"]
[Site "Chess.com"]
[Date "2020.04.28"]
[Round "9"]
[White "AthanasiusLefebvre"]
[Black "AndrewDGreen"]
[Result "0-1"]
[WhiteElo "2079"]
[BlackElo "2267"]
[TimeControl "180+1"]
[EndTime "11:46:32 PDT"]
[Termination "AndrewDGreen won on time"]

1. Nf3 c5 2. d3 g6 3. g3 Bg7 4.
Bg2 Nc6 5. c4 d6 6. O-O Bf5 7. Nc3 Qd7 8. Re1 Bh3 9. Bh1 h5 10.
Ng5 h4 11. Nxh3 hxg3 12. hxg3 Qxh3 13. Bg2 Qh2+ 14. Kf1 Nf6 15. e3 O-O-O 16. Qf3 Nd7 17. Nd5 Nde5 18. Qd1 e6 19. Nf4 g5 20. Ne2 g4 21. Ng1 f5 22. d4 cxd4 23. exd4 Nxd4 24. Qxd4 Nf3 25. Nxf3 gxf3 26. Bxf3 Bxd4 27. Be3 Bxe3 28. Rxe3 e5 29. Bd5 f4 30. Rb3 b6 31. a4 fxg3 32. Rxg3 Rdf8 33. Rf3 Rxf3 34. Bxf3 Rf8 35. Ke2 Qf4 36.
Bd5 Qxf2+ 37. Kd3 Qd4+ 38. Kc2 Rf2+ 39. Kc1 Qd2+ 0-1

[Event "*** Titled Tuesday Blitz"]
[Site "Chess.com"]
[Date "2020.04.28"]
[Round "9"]
[White "gmgamil"]
[Black "Fandorine"]
[Result "0-1"]
[WhiteElo "2697"]
[BlackElo "2883"]
[TimeControl "180+1"]
[EndTime "11:46:33 PDT"]
[Termination "Fandorine won by checkmate"]

1. d4 Nf6 2. Nc3 d6 3. e4 g6 4.
f3 Bg7 5. Be3 O-O 6. Qd2 e5 7.
Nge2 a6 8. a4 Nc6 9. g4 exd4 10.
Nxd4 Ne5 11. Be2 c5 12. Nb3 Be6 13. Rd1 c4 14. Nd4 Rc8 15. Nxe6 fxe6 16. Qxd6 Nd3+ 17.
Rxd3 cxd3 18. Qxd8 Rfxd8 19. cxd3 Nd7 20. Kf2 Ne5 21. Rd1 Nc6 22. f4 Bd4 23. g5 Kf7 24. Bg4 Ke7 25. h4 Nb4 26. Nd5+ Rxd5 27. exd5 Rc2+ 28. Kf3 Bxe3 29. Kxe3 Nxd5+ 30. Kf3 Rxb2 31. Re1 Nc7 32. h5 Rb3 33. hxg6 hxg6 34. Rh1 Rxd3+ 35.
Ke2 Rd4 36. Kf3 Nd5 37. Rh7+ Kd6 38. Rxb7 Rxf4+ 39. Kg3 Rxa4 40. Rg7 Ra3+ 41. Kh4 Nf4 42. Rf7 Ng2# 0-1

[Event "*** Titled Tuesday Blitz"]
[Site "Chess.com"]
[Date "2020.04.28"]
[Round "9"]
[White "Duhless"]
[Black "Abund"]
[Result "1-0"]
[WhiteElo "3077"]
[BlackElo "2661"]
[TimeControl "180+1"]
[EndTime "11:46:34 PDT"]
[Termination "Duhless won by resignation"]

1. d4 Nf6 2. Nf3 g6 3. c4 Bg7 4. Nc3 d5 5. cxd5 Nxd5 6. e4 Nxc3 7. bxc3 c5 8. Bb5+ Nc6 9. Rb1 O-O 10. d5 Ne5 11. O-O Bg4 12. Be2 Bxf3 13. Bxf3 Nxf3+ 14. Qxf3 Qd7 15. c4 b6 16. Bf4 e5 17. Bd2 f5 18.
Rfe1 fxe4 19. Qxe4 Rae8 20. f3 Qa4 21. Rb2 Kh8 22.
h3 Qa3 23. Qc2 Qa6 24. Re4 Qb7 25. a4 Qc7 26. Rb1 Re7 27. Rbe1 Rfe8 28. Bc3 Qd6 29. Qe2 Qd7 30. f4 Qxa4 31. fxe5 Qb3 32. Re3 b5 33. Ba1 Qxc4 34. Qxc4 bxc4 35. e6 Bxa1 36. Rxa1 Rd8 37. Rd1 Rd6 38. Kf2 c3 39. Rxc3 Kg7 40. Ke2 Kf6 41.
Rxc5 Ke5 42. Kf3 Kf6 43. Rdc1 Ke5 44. Re1+ Kd4 45. Ra5 Kc4 46. Re4+ Kd3 47. Ra3+ Kc2 48. Re2+ Kb1 49. Rb3+ Kc1 50. Rc3+ Kd1 51. Ra3 Rc7 52. Ra1+ Rc1 53. Rxc1+ Kxc1 54. e7 Rxd5 55. e8=Q Rf5+ 56. Kg3 Rg5+ 57. Kh2 1-0

[Event "*** Titled Tuesday Blitz"]
[Site "Chess.com"]
[Date "2020.04.28"]
[Round "9"]
[White "CSB7"]
[Black "Kobalia"]
[Result "1-0"]
[WhiteElo "2534"]
[BlackElo "2682"]
[TimeControl "180+1"]
[EndTime "11:46:34 PDT"]
[Termination "CSB7 won on time"]

1. e4 c5 2. Nf3 d6 3. d4 cxd4 4. Nxd4 Nf6 5. Nc3 a6 6. Be3 e5 7.
Nb3 Be7 8. f3 Be6 9. Qd2 O-O 10.
O-O-O Nbd7 11. g4 b5 12. Rg1 b4 13. Nd5 Bxd5 14. exd5 Nb6 15. Na5 Nfxd5 16. Nc6 Qc7 17.
Nxe7+ Qxe7 18. Bxb6 Nxb6 19. Qxd6 Qg5+ 20. Qd2 Qe7 21.
Bd3 a5 22. Rge1 Qe6 23. Kb1 Rad8 24. Qe3 Rfe8 25. Bf5 Rxd1+ 26. Rxd1 Qf6 27. b3 g6 28. Be4 Rc8 29. Qd3 Kg7 30. Qd6 Qxd6 31. Rxd6 Rb8 32. Rc6 a4 33. Rc5 axb3 34. axb3 Nd7 35. Rd5 Nf6 36.
Rxe5 h6 37. h4 Rb6 38. Bd3 Nd7 39. Rd5 Nf6 40. Rd4 1-0

[Event "*** Titled Tuesday Blitz"]
[Site "Chess.com"]
[Date "2020.04.28"]
[Round "9"]
[White "doons21"]
[Black "Frogo47"]
[Result "0-1"]
[WhiteElo "2620"]
[BlackElo "2503"]
[TimeControl "180+1"]
[EndTime "11:46:34 PDT"]
[Termination "Frogo47 won by resignation"]

1. e4 e5 2. Nf3 Nc6 3. Bb5 a6 4. Ba4 Nf6 5. Qe2 b5 6. Bb3 Be7 7. c3 O-O 8. d4 d6 9. O-O Bg4 10.
Rd1 Bh5 11. h3 exd4 12. cxd4 d5 13. e5 Ne4 14. a4 b4 15. a5 Kh8 16. Qc2 Na7 17. Be3 f5 18. Rc1 f4 19. Bd2 Nb5 20.
Qd3 Bxf3 21. gxf3 Ng5 22. Ba4 Nxd4 23. Kg2 c5 24. Rh1 Ngxf3 25. Bc1 Bh4 26. Qd1 Qg5+ 27. Kf1 Bxf2 28. Nd2 Nxd2+ 29. Bxd2 Qg3 30. Be1 Bxe1 31. Qxe1 Qf3+ 32. Qf2 Qxh1+ 33. Qg1 Qf3+ 34. Qf2 Qxf2+ 35. Kxf2 Rad8 36. Re1 Ne6 37. Bb3 c4 38. Ba4 g5 39.
h4 Kg7 40. hxg5 Nxg5 41. e6 Rfe8 42. e7 Rb8 43. Bxe8 Rxe8 44. Re5 Kf6 45. Rxd5 Rxe7 46.
Rd6+ Re6 47. Rxa6 Rxa6 0-1

[Event "*** Titled Tuesday Blitz"]
[Site "Chess.com"]
[Date "2020.04.28"]
[Round "9"]
[White "Bubi6"]
[Black "vaishali2001"]
[Result "0-1"]
[WhiteElo "2634"]
[BlackElo "2517"]
[TimeControl "180+1"]
[EndTime "11:46:36 PDT"]
[Termination "vaishali2001 won on time"]

1. e4 e5 2. Nf3 Nc6 3. Bc4 Nf6 4. d4 exd4 5. e5 d5 6. Bb5 Ne4 7. Nxd4 Bd7 8. Bxc6 bxc6 9. O-O Be7 10. f3 Nc5 11. f4 f5 12. exf6 Bxf6 13. Re1+ Ne4 14. Nc3 O-O 15. Nxe4 dxe4 16. Be3 c5 17. Nb3 Bxb2 18.
Rb1 Bc3 19. Rf1 Bb5 20. Nxc5 Bxf1 21. Qxf1 Qd5 22. Rb3 Bd4 23. Qf2 Bxc5 24. Bxc5 Qd1+ 25. Qf1 Qxf1+ 26. Kxf1 Rxf4+ 27. Ke2 Rf5 28. Be3 a5 29. c4 Rd8 30. Rb7 Rd7 31. c5 Kf7 32. Ra7 Ke6 33. Rxa5 Rd8 34. a4 Rb8 35. Ra6+ Kd5 36. c6 Rb2+ 37. Bd2 Kc4 38. Ke3 Rd5 39. Ba5 Rd3+ 40. Kxe4 Re2+ 0-1

[Event "*** Titled Tuesday Blitz"]
[Site "Chess.com"]
[Date "2020.04.28"]
[Round "9"]
[White "Firehand33"]
[Black "Winehouse83"]
[Result "1/2-1/2"]
[WhiteElo "2712"]
[BlackElo "2532"]
[TimeControl "180+1"]
[EndTime "11:46:37 PDT"]
[Termination "Game drawn by stalemate"]

1. b3 e5 2. Bb2 Nc6 3. e3 Nf6 4. Nf3 Bd6 5. d3 O-O 6. Nbd2 a5 7. Nc4 Qe7 8. Nxd6 Qxd6 9. a4 Qe7 10. Be2 d6 11. O-O b6 12. Qd2 Bb7 13. e4 Nd8 14. Nh4 Nxe4 15. Nf5 Nxd2 16. Nxe7+ Kh8 17. Rfd1 g6 18.
f4 f6 19. Rxd2 Rf7 20. fxe5 fxe5 21. Nxg6+ hxg6 22. d4 Re7 23. dxe5 dxe5 24. Bc4 Kg7 25. Re1 Nf7 26. Bxf7 Kxf7 27. Rxe5 Rae8 28. Rf2+ Kg8 29. Rfe2 Rxe5 30. Bxe5 Re7 31. Kf2 Bc8 32. Bf4 Kf7 33. Rxe7+ Kxe7 34. Bxc7 Bf5 35. Bxb6 Bxc2 36. Bxa5 Bxb3 37. Bb4+ Kd7 38. a5 Kc6 39. Ke3 Kb5 40.
Be1 Bd5 41. g4 Ba2 42. Kf4 Bb1 43. Kg5 Bc2 44. h3 Bb1 45. Kf6 Ka6 46. h4 Bc2 47. Kg5 Bb1 48. Bc3 Bc2 49. Kf4 Bb1 50. g5 Bc2 51.
Ke5 Bb1 52. Be1 Bc2 53. Kd4 Bb1 54. Kc3 Bf5 55. Kd4 Bb1 56. Ke5 Bc2 57. Kf6 Bb1 58. Kg7 Bc2 59. Kh6 Bd3 60. h5 gxh5 61. Kxh5 Bc2 62.
Kh6 Bd3 63. Kg7 Bc2 64. Kf6 Bd3 65. Ke5 Bc2 66. Kd4 Bb1 67. Bd2 Bg6 68. Ke5 Bb1 69.
Kf6 Bd3 70. g6 Bxg6 71. Kxg6 Ka7 72. Kf6 Kb7 73. Ke6 Ka8 74. Kd6 Kb8 75. Kc6 Ka8 76. Kb6 Kb8 77. a6 Ka8 78. a7 1/2-1/2

[Event "*** Titled Tuesday Blitz"]
[Site "Chess.com"]
[Date "2020.04.28"]
[Round "9"]
[White "vanyakuba"]
[Black "vovachesss"]
[Result "0-1"]
[WhiteElo "2400"]
[BlackElo "2559"]
[TimeControl "180+1"]
[EndTime "11:46:37 PDT"]
[Termination "vovachesss won on time"]

1. e4 Nf6 2. e5 Nd5 3. d4 d6 4. c4 Nb6 5. exd6 exd6 6. Nc3 Nc6 7.
Be3 Be7 8. Nf3 O-O 9. Be2 Bf5 10. O-O Bf6 11. d5 Ne5 12. Nd4 Bg6 13. b3 Re8 14.
Qd2 Ned7 15. f4 Be4 16. Nxe4 Rxe4 17. Bf3 Re8 18. Rae1 Nc5 19. Bf2 Qd7 20. Qc2 a5 21.
a3 g6 22. b4 axb4 23. axb4 Na6 24. Rb1 Re7 25. c5 dxc5 26. bxc5 Bxd4 27. Bxd4 Nxd5 28. Rxb7 Nxf4 29. Bf6 Ree8 30. Qc4 Qf5 31. Bd1 Qxf6 32. Qxf4 Qxf4 33. Rxf4 Nxc5 34. Rxc7 Ne6 35. Rfxf7 Nxc7 36. Rxc7 Re1+ 0-1

[Event "*** Titled Tuesday Blitz"]
[Site "Chess.com"]
[Date "2020.04.28"]
[Round "9"]
[White "BvsN"]
[Black "GamayevOleg"]
[Result "1-0"]
[WhiteElo "2388"]
[BlackElo "2492"]
[TimeControl "180+1"]
[EndTime "11:46:37 PDT"]
[Termination "BvsN won by checkmate"]

1. d4 d6 2. e4 Nf6 3. Nc3 e5 4. Nf3 exd4 5. Nxd4 Be7 6. g3 O-O 7. Bg2 Re8 8. O-O h6 9. h3 Bf8 10. Be3 c6 11. Nde2 a5 12. g4 Na6 13. Ng3 Nb4 14. a3 Na6 15. f4 Qc7 16. f5 Nd7 17. h4 Ne5 18. g5 d5 19. exd5 Nc4 20. Bf4 Bd6 21. Bxd6 Qxd6 22. Qg4 Ne3 23. Qf3 Nxf1 24. Rxf1 hxg5 25. hxg5 Nc5 26. dxc6 bxc6 27. Qxc6 Qxc6 28. Bxc6 Ba6 29. Rc1 Re3 30. Kf2 Rxc3 31. bxc3 Rc8 32.
Bd5 Na4 33. c4 Bxc4 34. Bxc4 Rxc4 35. g6 Nc5 36. Rd1 Rxc2+ 37. Kf3 fxg6 38. fxg6 Kf8 39.
Nf5 Ne6 40. Rd7 Rc3+ 41. Kf2 Rc5 42. Rf7+ Kg8 43. Ne7+ Kh8 44. Rf3 Rc2+ 45. Kg1 Rc1+ 46.
Kg2 Rc2+ 47. Kf1 Rc1+ 48. Kf2 Rc2+ 49. Kg1 Rc1+ 50. Kf2 Rh1 51. Rb3 Rd1 52. Rb8+ Rd8 53. Rb3 Rd2+ 54. Ke1 Re2+ 55. Kd1 Rh2 56. Rb8+ Nd8 57.
Rxd8# 1-0

[Event "*** Titled Tuesday Blitz"]
[Site "Chess.com"]
[Date "2020.04.28"]
[Round "9"]
[White "GMKrikor"]
[Black "GeorgMeier"]
[Result "0-1"]
[WhiteElo "2753"]
[BlackElo "3013"]
[TimeControl "180+1"]
[EndTime "11:46:38 PDT"]
[Termination "GeorgMeier won on time"]

1. Nf3 d5 2. c4 e6 3. e3 Nf6 4. b3 Bd6 5. Bb2 O-O 6. Nc3 a6 7.
Rc1 b6 8. cxd5 exd5 9. d4 Nbd7 10. g3 Bb7 11. Bg2 Qe7 12. O-O Ne4 13. Ne2 f5 14.
Nf4 a5 15. a4 Rac8 16. Nd3 Ba6 17. Re1 Ndf6 18. Nfe5 c5 19. Nf4 c4 20. bxc4 dxc4 21. f3 Ng5 22. Qc2 Bb4 23. Bc3 Ne6 24. Rb1 Bxc3 25. Qxc3 Nxf4 26. gxf4 Nd5 27. Qc1 c3 28. Bf1 Bxf1 29. Rxf1 Nb4 30. Rb3 c2 31. Qd2 Qe6 32. Rb2 Rc7 33. Rc1 Rfc8 34. Kf2 Rc3 35. Kg2 R8c7 36. Qe2 h6 37. Kh1 Kh7 38. Qf2 Rb3 39. Rxb3 Qxb3 40. Qd2 Na2 41. Rg1 c1=Q 42. Rxc1 Nxc1 0-1

[Event "*** Titled Tuesday Blitz"]
[Site "Chess.com"]
[Date "2020.04.28"]
[Round "9"]
[White "zajka-molotok"]
[Black "violetflower04"]
[Result "1-0"]
[WhiteElo "2364"]
[BlackElo "2164"]
[TimeControl "180+1"]
[EndTime "11:46:38 PDT"]
[Termination "zajka-molotok won on time"]

1. d4 d5 2. c4 e6 3. Nc3 Nf6 4. cxd5 exd5 5. Bg5 Be7 6. e3 O-O 7. Bd3 Nbd7 8. h3 c5 9. Nf3 Re8 10. O-O Nf8 11. Bf4 Ne6 12. Bh2 b6 13. Rc1 Bb7 14. Bb1 Rc8 15. Ne2 Ne4 16. Ne5 cxd4 17. Rxc8 Qxc8 18.
Nxd4 N6c5 19. f3 Nf6 20. Nf5 Bf8 21. b4 Ncd7 22. Nd3 g6 23. Nd6 Bxd6 24. Bxd6 Rxe3 25. Qd2 d4 26. Bf4 Re8 27. Rc1 Qd8 28. Rc7 Qa8 29. Qf2 Rc8 30. Rxc8+ Qxc8 31. Qxd4 Nd5 32. Bh6 f6 33. a4 Qc3 34. Qe4 Ne5 35. Nxe5 Qxe5 36.
Qxe5 fxe5 37. Be4 Kf7 38. Kf2 Ke6 39. Bd2 Bc8 40. a5 bxa5 41. bxa5 a6 42. Bd3 Nc7 43. Bc4+ Kd6 44. Bb4+ Kc6 45. Ke3 Be6 46. Bxe6 Nxe6 47. Ke4 Nf4 48. g3 Ne2 49. Be1 Kd6 50. f4 exf4 51.
gxf4 Nc1 52. f5 Nb3 53. Bb4+ Kd7 54. Ke5 gxf5 55. Kxf5 Nd4+ 56. Kg5 1-0

[Event "*** Titled Tuesday Blitz"]
[Site "Chess.com"]
[Date "2020.04.28"]
[Round "9"]
[White "Msb2"]
[Black "GM_Levan_Pantsulaia"]
[Result "0-1"]
[WhiteElo "3003"]
[BlackElo "2844"]
[TimeControl "180+1"]
[EndTime "11:46:39 PDT"]
[Termination "GM_Levan_Pantsulaia won by checkmate"]

1. d4 Nf6 2. c4 c5 3. d5 e6 4. Nc3 exd5 5. cxd5 d6 6. Nf3 g6 7. Bg5 h6 8. Bh4 a6 9. a4 Bg7 10. Nd2 Nbd7 11. e4 O-O 12. Be2 Re8 13. O-O g5 14. Bg3 Ne5 15. f4 gxf4 16. Rxf4 Ng6 17. Rf1 Nd7 18. Nc4 Nde5 19. Ne3 Bf6 20. Nf5 Bg5 21. Kh1 Rb8 22. Qc2 Kh7 23. Rf2 Nh4 24. Raf1 Nxf5 25. exf5 Be3 26. f6+ Kh8 27. Ne4 Rg8 28.
Bxe5 dxe5 29. Rf3 Bd4 30. Qc1 Rg6 31. Rg3 Qf8 32. Nd6 Rxg3 33. hxg3 Bd7 34. Bh5 Be8 35. b4 c4 36. Nxe8 Rxe8 37. Qxc4 Rc8 38. Qe2 Qg8 39. Qd2 Qg5 40. Qxg5 hxg5 41. Bxf7 e4 42. Be6 Rf8 43.
f7 e3 44. Re1 Kg7 45. g4 Rh8+ 46. Kg1 e2# 0-1

[Event "*** Titled Tuesday Blitz"]
[Site "Chess.com"]
[Date "2020.04.28"]
[Round "9"]
[White "Maybe00"]
[Black "grzechu96"]
[Result "0-1"]
[WhiteElo "2764"]
[BlackElo "2627"]
[TimeControl "180+1"]
[EndTime "11:46:39 PDT"]
[Termination "grzechu96 won by resignation"]

1. d4 d5 2. c4 c6 3. Nf3 Nf6 4.
Nc3 dxc4 5. e4 b5 6. Be2 b4 7.
Na4 Nxe4 8. Bxc4 e6 9. O-O Be7 10. Qe2 Nf6 11. Rd1 O-O 12. Ne5 Bb7 13. Bg5 Nbd7 14.
Bb3 Nxe5 15. Bxf6 Nd7 16. Bxe7 Qxe7 17. Rac1 Rfc8 18. Qe4 a5 19. Nc5 Ba6 20. Nxd7 Qxd7 21.
Rc5 Bb5 22. Bc2 g6 23. h4 Rd8 24. h5 Qd6 25. a4 bxa3 26. bxa3 a4 27. g3 Rab8 28. Kg2 Qe7 29. hxg6 hxg6 30. Qe5 Qf8 31. Qf4 Qg7 32. Re5 Rb7 33. Be4 Rbd7 34. Bf3 Rd6 35. g4 Bc4 36. g5 Bb3 37. Rh1 Rxd4 38. Qg3 Rd3 39. Qf4 Rxf3 40. Kxf3 Bd5+ 41. Rxd5 cxd5 42. Kg2 Qc3 43. f3 Qb2+ 44. Kg3 Qc3 45. Rh2 Rc8 46. Qh4 Qe5+ 47. Kg4 Rc4+ 0-1

[Event "*** Titled Tuesday Blitz"]
[Site "Chess.com"]
[Date "2020.04.28"]
[Round "9"]
[White "CaspiIsrael"]
[Black "noblerone"]
[Result "1-0"]
[WhiteElo "2627"]
[BlackElo "2443"]
[TimeControl "180+1"]
[EndTime "11:46:40 PDT"]
[Termination "CaspiIsrael won on time"]

1. e4 c5 2. Nf3 e6 3. d4 cxd4 4. Nxd4 Qb6 5. Nc3 Bc5 6. Na4 Qa5+ 7. c3 Bxd4 8. Qxd4 Nf6 9. Nc5 Nc6 10. Qd6 b6 11.
Nb3 Qe5 12. Qxe5 Nxe5 13. f4 Ng6 14. e5 Nd5 15. h4 h5 16. g3 Bb7 17. Bg2 O-O-O 18.
Bd2 d6 19. exd6 Rxd6 20. Kf2 Nf6 21. Bxb7+ Kxb7 22. Rhd1 Rhd8 23. Nd4 Ng4+ 24. Kf3 e5 25. fxe5 N6xe5+ 26. Kg2 Nc4 27. Bf4 Nce3+ 28. Kf3 Nxd1 29. Bxd6 Nxb2 30. Bf4 Na4 31. Rc1 g6 32. Nb5 Rd7 33. c4 a6 34. Nd6+ Kc6 35. Ne4 Nc5 36.
Nc3 Rd3+ 37. Ke2 Rd4 38. Nd5 f6 39. Be3 Nxe3 40. Kxe3 Re4+ 41. Kf3 Re6 42. Rb1 b5 43. Nf4 Rd6 44. cxb5+ axb5 45. Nxg6 Rd3+ 46. Kf4 Rd2 47. Ne7+ Kb6 48. Kf5 Rf2+ 49. Kg6 Rxa2 50. Nd5+ Ka5 51.
Nc3 1-0

[Event "*** Titled Tuesday Blitz"]
[Site "Chess.com"]
[Date "2020.04.28"]
[Round "9"]
[White "Muracle"]
[Black "sergiochess83"]
[Result "0-1"]
[WhiteElo "2670"]
[BlackElo "2829"]
[TimeControl "180+1"]
[EndTime "11:46:41 PDT"]
[Termination "sergiochess83 won by resignation"]

1. Nf3 d5 2. g3 c6 3. Bg2 Bg4 4. O-O e6 5. c4 Nf6 6. cxd5 exd5 7.
d3 Bc5 8. h3 Bh5 9. g4 Bg6 10.
Ne5 Nbd7 11. Nxg6 hxg6 12. Nc3 Qc7 13. e4 Rxh3 14. e5 Rh4 15. d4 Bb6 16. Bg5 Rxg4 17. Bxf6 Rxg2+ 18. Kxg2 gxf6 19. Rc1 fxe5 20. dxe5 Nc5 21. b4 Ne6 22. f4 O-O-O 23. Nb5 Qe7 24. Nd6+ Rxd6 25. exd6 Qxd6 26. f5 Bc7 27. Qg4 Qh2+ 28.
Kf3 gxf5 29. Qg8+ Bd8 30. Qg1 Qxa2 31. b5 Qb3+ 32. Kg2 Qxb5 33. Qxa7 Qe2+ 34. Rf2 Nf4+ 35. Kg3 Qg4+ 36. Kh2 Qh3+ 37. Kg1 Qg3+ 38. Kf1 Qd3+ 39. Ke1 Qe4+ 40. Kd2 Be7 41. Rxf4 Qxf4+ 42. Kd1 Qf3+ 43. Kc2 Qe4+ 44. Kd1 Qd3+ 45. Ke1 Bh4+ 0-1